 Dungeon Crawl Stone Soup version 0.26-a0-652-gafc20e3620 (webtiles) character file.

Game seed: 8424896956464628270

152 heikuro the Skirmisher (level 5, 0/42 HPs)
             Began as a Formicid Abyssal Knight on Oct 2, 2020.
             Was a Believer of Lugonu.
             Succumbed to an orc wizard's poison
             ... on level 3 of the Dungeon.
             The game lasted 00:06:06 (3642 turns).

heikuro the Skirmisher (Formicid Abyssal Knight)    Turns: 3642, Time: 00:06:06

Health: 0/42       AC: 10    Str: 17    XL:     5   Next: 60%
Magic:  7/7        EV:  7    Int: 12    God:    Lugonu [**....]
Gold:   89         SH:  0    Dex: 10    Spells: 4/4 levels left

rFire    . . .     SeeInvis +   a - +2 falchion
rCold    . . .     Faith    .   (no shield)
rNeg     . . .     Spirit   .   r - +0 chain mail
rPois    .         Reflect  .   (helmet unavailable)
rElec    .         Harm     .   (no cloak)
rCorr    .         Rampage  .   (no gloves)
MR       .....                  q - +0 pair of boots
Stlth    ..........             (no amulet)
HPRegen  0.14/turn              (no ring)
MPRegen  0.10/turn              (no ring)

@: lethally poisoned (0 -> -16)
A: permanent stasis, dig shafts and tunnels, four strong arms, antennae 3
a: Dig, Shaft Self, Depart the Abyss, Bend Space, Renounce Religion


You were on level 3 of the Dungeon.
You worshipped Lugonu.
Lugonu was pleased with you.
You visited 1 branch of the dungeon, and saw 3 of its levels.
You visited the Abyss 1 time.

You collected 89 gold pieces.

Inventory:

Hand Weapons
 a - a +2 falchion (weapon)
 i - a cursed -1 dagger
 j - a +1 dagger of venom
Missiles
 m - 29 sling bullets
Armour
 q - a +0 pair of boots (worn)
 r - a +0 chain mail (worn)
Jewellery
 d - an uncursed ring of protection from cold {unknown}
 g - an uncursed ring of ice {unknown}
 l - an uncursed ring of magical power {unknown}
 n - a +4 ring of evasion {unknown}
 o - an uncursed ring of stealth {unknown}
Scrolls
 c - a scroll of enchant weapon
 h - a scroll of enchant armour {unknown}
 k - 2 scrolls of remove curse {unknown}
Potions
 b - a potion of mutation
 e - a potion of lignification
 f - a potion of might


   Skills:
 + Level 4.1 Fighting
 * Level 3.6 Long Blades
 + Level 3.1 Armour
 - Level 1.1 Dodging
 + Level 3.3 Invocations


You had 4 spell levels left.
You didn't know any spells.
Your spell library was empty.

Dungeon Overview and Level Annotations

Branches:
Dungeon (3/15)

Altars:


Innate Abilities, Weirdness & Mutations

You cannot be hasted, slowed, berserked, paralysed or teleported.
You can dig through walls and to a lower floor.
Your four strong arms can wield two-handed weapons with a shield.
You have a pair of large antennae on your head. (SInv)


Message History

You feel very sick.
Things that are here:
a +1 dagger of venom; a +0 robe; an orc corpse
j - a +1 dagger of venom You feel sick.
* * * LOW HITPOINT WARNING * * *
You feel very sick.
* * * LOW HITPOINT WARNING * * *
You feel sick.
* * * LOW HITPOINT WARNING * * *
You feel sick.
* * * LOW HITPOINT WARNING * * *
You feel sick.
* * * LOW HITPOINT WARNING * * *
You feel sick.
* * * LOW HITPOINT WARNING * * *
You feel sick.
* * * LOW HITPOINT WARNING * * *
You feel sick.
You die...

#.............#...
#........##.....o.
#.......#.....#.o.
#..........####...
#..#....#..####...
#..#.#[.#....##...
####..........#.##..#
#####..)..#....[.>#.).?.#
#....?(<@..>........#...#
#.................#......
#..........#....#########
########........#
#####....# ######


There were no monsters in sight!

Vanquished Creatures
  An orc wizard (D:3)
  5 adders
  2 worms (D:2)
  A dart slug (D:1)
  A leopard gecko (D:1)
  An orc (D:3)
  6 bats
  2 giant cockroaches (D:1)
  10 hobgoblins
  5 jackals
  A quokka (D:2)
  13 frilled lizards
  7 goblins
  10 kobolds
  5 rats
70 creatures vanquished.

Notes
Turn   | Place    | Note
-------+----------+-------------------------------------------
     0 | Abyss:1  | heikuro the Formicid Abyssal Knight began the quest for the
                  | Orb.
     0 | Abyss:1  | Reached XP level 1. HP: 18/18 MP: 2/2
     7 | Abyss:1  | Found a corrupted altar of Lugonu.
    95 | Abyss:1  | Noticed a tentacled starspawn
    96 | D:1      | Escaped the Abyss
   173 | D:1      | Reached skill level 1 in Dodging
   215 | D:1      | Reached XP level 2. HP: 15/24 MP: 3/3
   220 | D:1      | Reached * piety under Lugonu
   715 | D:1      | Reached XP level 3. HP: 22/29 MP: 4/4
  1666 | D:2      | Reached XP level 4. HP: 25/37 MP: 6/6
  1916 | D:2      | HP: 1/37 [hobgoblin/+0 club (3)]
  2220 | D:2      | Reached ** piety under Lugonu
  2869 | D:2      | Reached XP level 5. HP: 34/42 MP: 7/7
  3025 | D:2      | Found a faded altar of an unknown god.
  3324 | D:3      | Reached skill level 4 in Fighting
  3641 | D:3      | HP: 1/42 [poisoned by an orc wizard]
  3642 | D:3      | Succumbed to an orc wizard's poison

Illustrated notes

Levels and vault maps discovered:
D:1:      lemuel_arrival_tunnels, layout_basic
D:2:      layout_basic, chequers_ecumenical_altar_twisty, minmay_pentomino_w4
D:3:      minmay_skewed_foursquare, layout_rooms, lemuel_coloured_pillars_altar

Skill      XL: |  1  2  3  4  5 |
---------------+----------------+-----
Dodging        | 1 |  1.1
Long Blades    | 3 |  3.6
Invocations    | 3 |  3.3
Fighting       | 4 |  4.1
Armour         | 3 |  3.1

Action                   |  1- 3 |  4- 6 || total
-------------------------+-------+-------++-------
Melee: Falchion          |   115 |    96 ||   211
Invok: Depart the Abyss  |     1 |       ||     1
  Use: Scroll            |       |     6 ||     6
       Potion            |       |     1 ||     1
Armor: Leather armour    |    31 |    28 ||    59
       Chain mail        |       |    11 ||    11
Dodge: Dodged            |    84 |    55 ||   139
       Rpst.: Falchion   |    26 |    18 ||    44

Table legend: (Time is in decaauts)
 A = Elapsed time spent in this place.
 B = Non-inter-level travel time spent in this place.
 C = Inter-level travel time spent in this place.
 D = Time resting spent in this place.
 E = Time spent auto-exploring this place.
 F = Levels seen in this place.
 G = Mean time per level.
                   A        B        C        D        E       F      G
               +--------+--------+--------+--------+--------+-----+--------+
         Total |   3686 |   3556 |    130 |   1591 |   1101 |   4 |  921.5 |
       Dungeon |   3585 |   3455 |    130 |   1591 |   1003 |   3 | 1195.0 |
         Abyss |    100 |    100 |      0 |      0 |     98 |   1 |  100.0 |
               +--------+--------+--------+--------+--------+-----+--------+

Top non-repeatable levels by time:
     D:1: 1707 daAuts
     D:2: 1574 daAuts
     D:3: 303 daAuts
 Abyss:1: 100 daAuts
